 Dungeon Crawl Stone Soup version 0.31.0-11-ge490571c62 (webtiles) character file.

Game seed: 4377755693087610911

37 hikkokomori the Apothecary (level 3, -2/26 HPs)
             Began as a Formicid Alchemist on Jan 31, 2024.
             Slain by an adder (3 damage)
             ... on level 1 of the Dungeon.
             The game lasted 00:02:11 (1034 turns).

hikkokomori the Apothecary (Formicid Alchemist)     Turns: 1034, Time: 00:02:11

Health: -2/26      AC:  2    Str: 12    XL:     3   Next: 60%
Magic:  1/6        EV:  9    Int: 16    God:
Gold:   35         SH:  0    Dex: 14    Spells: 6/7 levels left

rFire   . . .        e - +0 short sword
rCold   . . .        (no shield)
rNeg    . . .        a - +0 robe
rPois   .            (helmet unavailable)
rElec   .            (no cloak)
rCorr   .            (no gloves)
SInv    +            (no boots)
Will    .....        (no amulet)
Stlth   ++           (no ring)
HPRegen 0.24/turn    (no ring)
MPRegen 0.10/turn

%: no passive effects
@: lethally poisoned (-2 -> -5), constricted
A: permanent stasis, dig shafts and tunnels, antennae 3, four strong arms
a: Dig, Shaft Self


You were on level 1 of the Dungeon.
You visited 1 branch of the dungeon, and saw 2 of its levels.

You collected 35 gold pieces.

Inventory:

Hand Weapons
 d - a +0 club
 e - a +0 short sword (weapon)
Armour
 a - a +0 robe (worn)
Potions
 b - a potion of magic
 c - a potion of curing {unknown}
 f - a potion of attraction {unknown}
 h - a potion of haste {unknown}


   Skills:
 + Level 1.2 Fighting
 + Level 2.1 Dodging
 - Level 2.4 Stealth
 + Level 2.5 Spellcasting
 + Level 1.4 Conjurations
 + Level 4.4 Alchemy


You had 6 spell levels left.
You knew the following spells:

 Your Spells              Type           Power      Damage    Failure   Level
a - Sting                 Conj/Alch      44%        1d5       6%          1

Your spell library contained the following spells:

 Spells                   Type           Power      Damage    Failure   Level
 Mercury Vapours          Alch/Air       18%        N/A       12%         2
 Mephitic Cloud           Conj/Alch/Air  8%         N/A       26%         3
 Olgreb's Toxic Radiance  Alch           16%        N/A       32%         4
 Sticky Flame             Fire/Alch      9%         2d5       61%         4


Dungeon Overview and Level Annotations

Branches:
Dungeon (2/15)

Altars:


Innate Abilities, Weirdness & Mutations

You cannot be hasted, slowed, berserked, paralysed or teleported.
You can dig through walls and to a lower floor.
You have a pair of large antennae on your head. (SInv)
Your four strong arms can wield two-handed weapons with a shield.


Message History

The sting hits the adder.
The adder looks even sicker.
The adder is heavily wounded.
You feel sick. The adder closely misses you.
The ball python closely misses you. The ball python barely misses you.
Unknown command.
The sting hits the adder.
The adder looks even sicker.
The adder is severely wounded.
You feel sick. The adder bites you.
You are more poisoned.
The adder poisons you! The ball python barely misses you.
The ball python grabs you. The ball python constricts you.
The adder closely misses you.
The ball python bites you but does no damage.
The ball python constricts you.
You are too injured to fight recklessly!
Unknown command.
You are too injured to fight recklessly!
Unknown command.
You are too injured to fight recklessly!
You are too injured to fight recklessly!
You are too injured to fight recklessly!
You closely miss the adder.
The adder is almost dead.
You feel sick. The adder bites you. The ball python bites you.
* * * LOW HITPOINT WARNING * * *
The ball python constricts you.
* * * LOW HITPOINT WARNING * * *
Unknown command.
You closely miss the ball python.
* * * LOW HITPOINT WARNING * * *
You feel sick. The adder barely misses you. The ball python bites you.
* * * LOW HITPOINT WARNING * * *
The ball python constricts you.
Unknown command.
It was a potion of cancellation.
You feel magically purged.
* * * LOW HITPOINT WARNING * * *
You feel sick. The adder barely misses you.
The ball python bites you but does no damage.
The ball python constricts you. The adder bites you.
You die...

##### #...# #...#
############ #...#
#@S........# #...#
##S######..###...#
#....###....#...#
####..=.....'...)
#######..#...#
#..#...# #.....##
##.##.## ##......


You could see an adder (very poisoned) and a ball python.

Vanquished Creatures
  A dart slug (D:1)
  A ribbon worm (D:1)
  2 ball pythons (D:1)
  2 bats (D:1)
  5 endoplasms (D:1)
  2 giant cockroaches (D:1)
  3 goblins (D:1)
  2 hobgoblins (D:1)
  3 kobolds (D:1)
  2 frilled lizards (D:1)
  7 rats (D:1)
30 creatures vanquished.

Notes
Turn   | Place    | Note
-------+----------+-------------------------------------------
     0 | D:1      | hikkokomori the Formicid Alchemist began the quest for the
                  | Orb.
     0 | D:1      | Reached XP level 1. HP: 13/13 MP: 3/3
    91 | D:1      | Reached skill level 1 in Conjurations
   198 | D:1      | Reached XP level 2. HP: 20/20 MP: 1/5
   400 | D:1      | Reached skill level 1 in Fighting
   400 | D:1      | Reached XP level 3. HP: 18/26 MP: 0/6
  1034 | D:1      | HP: 1/26 [poisoned by an adder]
  1034 | D:1      | Slain by an adder

Illustrated notes

Levels and vault maps discovered:
D:1:      tekkud_arrival_beachfront_property, layout_basic
D:2:      layout_rooms

Skill      XL: |  1  2 |
---------------+-------+-----
Conjurations   | 1 |  1.4
Dodging        | 2 |  2.1
Fighting       | 1 |  1.2
Stealth        | |  2.4
Spellcasting   | |  2.5
Alchemy        | |  4.4

Action                     || total
---------------------------++-------
  Melee: Club              ||     5
         Unarmed           ||     1
         Short sword       ||    17
   Cast: Sting             ||    59
    Use: Potion            ||     1
 Armour: Robe              ||    39
  Dodge: Dodged            ||    52
